cohdb
Replays
Latest Replays
All Replays
Popular Replays
Top Player Replays
Match Explorer
How It Works
Community
CoH3 Stats
Reddit
Sign in to upload your games and track your stats! →
Sign in with Steam
Match 41215224
Unlisted
Match 41215224
Overview
Messages
Build Orders
End
Engineer Squad
Construct Barracks
Selects Airborne Battlegroup
Selects Heavy Machine Gun Paradrop
Riflemen Squad
Riflemen Squad
Riflemen Squad
Infantry Support Center
Selects Paratrooper Squad Paradrop
Paratrooper Squad Paradrop
M1918 Browning Automatic Rifles
Construct Medical Station
Riflemen Squad
Paratrooper Squad Paradrop
Construct Motor Pool
Construct Motor Pool
AI Takeover
gregreed508
(502) Bad Gateway
0
0
Comments
sign in to comment!
No comments posted yet!